 Dungeon Crawl Stone Soup version 0.31-a0-321-g19405a7a6a (webtiles) character file.

Game seed: 2938980922615595915

3539 2FriedEggs the Fighter (level 10, -6/113 HPs)
             Began as an Ogre Shapeshifter on July 17, 2023.
             Was a Believer of Ru.
             Mangled by a killer bee (7 damage)
             ... on level 8 of the Dungeon.
             The game lasted 00:17:18 (9661 turns).

2FriedEggs the Fighter (Ogre Shapeshifter)          Turns: 9661, Time: 00:17:18

Health: -6/113     AC:  7    Str: 31    XL:     10   Next: 8%
Magic:  10/10      EV:  9    Int:  9    God:    Ru [**....]
Gold:   403        SH:  5    Dex:  9    Spells: 9/9 levels left

rFire   + .          .
                       - Unarmed
rCold   + . .        (no shield)
rNeg    . . .        a - +0 animal skin
rPois   +            (helmet currently unavailable)
rElec   +            (cloak currently unavailable)
rCorr   +            (gloves unavailable)
SInv    .            (boots unavailable)
Will    +....        u - amulet of reflection
Stlth   +            p - +6 ring of strength
HPRegen 0.38/turn    h - +4 ring of protection
MPRegen 0.12/turn

%: reflection
@: mighty, brilliant, lethally poisoned (-6 -> -11), beast-form, resistant
A: beast (slay +7), large, unfitting armour, tough skin 1, hated by all
a: Begin Untransformation, Renounce Religion


You were on level 8 of the Dungeon.
You worshipped Ru.
Ru was pleased with you.
You were a hulking beast.
You visited 2 branches of the dungeon, and saw 9 of its levels.

You collected 403 gold pieces.

Inventory:

Missiles
 l - 10 javelins (quivered)
Armour
 a - a +0 animal skin (worn)
Jewellery
 g - a ring of willpower
 h - a +4 ring of protection (right hand)
 j - a +6 ring of intelligence
 p - a +6 ring of strength (left hand)
 u - an amulet of reflection (around neck)
 w - a ring of wizardry
Talismans
 c - a beast talisman
Wands
 k - a wand of polymorph (6)
 r - a wand of iceblast (3)
 y - a wand of flame (24)
Scrolls
 d - 2 scrolls of teleportation
 i - a scroll of revelation
 m - 2 scrolls of blinking
 q - 2 scrolls of poison
 t - a scroll of vulnerability {unknown}
 v - a scroll of amnesia
Potions
 e - a potion of attraction
 f - a potion of might
 n - 2 potions of invisibility {unknown}
 o - 2 potions of brilliance
 s - a potion of heal wounds {unknown}
 x - a potion of enlightenment {unknown}
 z - a potion of curing {unknown}


   Skills:
 + Level 11.0 Fighting
 - Level 1.7 Dodging
 * Level 2.9 Unarmed Combat
 - Level 10.0 Shapeshifting


You had 9 spell levels left.
You didn't know any spells.
Your spell library contained the following spells:

 Spells                   Type           Power      Damage    Failure   Level
 Apportation              Tloc           0%         N/A       38%         1
 Magic Dart               Conj           0%         1d3       38%         1
 Necrotise                Necr           0%         1d4       38%         1
 Searing Ray              Conj           0%         2d4       52%         2
 Anguish                  Hex/Necr       0%         N/A       99%         4
 Cause Fear               Hex            0%         N/A       99%         4
 Fulminant Prism          Conj/Hex       0%         3d5       99%         4
 Petrify                  Tmut/Erth      0%         N/A       99%         4
 Discord                  Hex            0%         N/A       100%        8
 Summon Small Mammal      Summ           Unusable   N/A       N/A         1

Dungeon Overview and Level Annotations

Branches:
Dungeon (8/15)             Temple (1/1) D:5
   Lair: D:8-11

Altars:
Ashenzari
Cheibriados
Dithmenos
Elyvilon
Kikubaaqudgha
Makhleb
Nemelex Xobeh
Okawaru
Qazlal
Ru
Sif Muna
Trog
Uskayaw
Wu Jian
Xom
Zin
The Shining One

Shops:
D:1 =   D:3 =

Annotations:
D:3 2 transporters
D:4 Pikel


Innate Abilities, Weirdness & Mutations

You are a hulking beast.
Your limbs bulge with bestial killing power. (Slay +7)
You are too large for most types of armour.
You have tough skin. (AC +1)
You are hated by all.


Message History

You block the killer bee's attack. x2
You punch the killer bee!
The killer bee is severely wounded.
The killer bee stings you.
* * * LOW HITPOINT WARNING * * *
The killer bee stings you.
* * * LOW HITPOINT WARNING * * *
You miss the killer bee.
The killer bee is severely wounded.
You block the killer bee's attack. The killer bee stings you.
* * * LOW HITPOINT WARNING * * *
You are poisoned.
The killer bee poisons you!
You closely miss the killer bee.
The killer bee is severely wounded.
You feel sick. The killer bee stings you.
* * * LOW HITPOINT WARNING * * *
The killer bee closely misses you.
You completely miss the killer bee.
The killer bee is severely wounded.
You feel sick. The killer bee stings you.
* * * LOW HITPOINT WARNING * * *
You are lethally poisoned!
The killer bee poisons you! The killer bee barely misses you.
It was a potion of resistance.
You feel protected.
* * * LOW HITPOINT WARNING * * *
You feel sick. The killer bee stings you.
* * * LOW HITPOINT WARNING * * *
You block the killer bee's attack.
It was a potion of brilliance.
You feel clever all of a sudden.
* * * LOW HITPOINT WARNING * * *
You feel very sick. The killer bee barely misses you.
The killer bee closely misses you.
It was a potion of might.
You feel very mighty all of a sudden.
* * * LOW HITPOINT WARNING * * *
You feel sick. The killer bee barely misses you. The killer bee stings you!
You die...

.###...........# ..
#.#
.........#.....##...(
#.#
...y...y.#...........
#.#######
.........#.##.###....
#.......#
.###[###.)....# ...
#..####.# .
#.[[....#### ##
#.....#.# .
######...###
##.##.#.# .
#.....###### #.##.#.#
. #......yh..#
#.)....# .
####..####.#
#######.### #..####.#
#...###.# #....##.#
#<......#
#.##.##.###...#####
#.#..........##
#.......######
#########


You could see a killer bee.

Vanquished Creatures
  2 yaks
  A steam dragon (D:8)
  A water moccasin (D:5)
  An orc warrior (D:7)
  A sky beast (D:4)
  2 black bears (D:6)
  An ogre (D:7)
  3 centaurs
  2 phantoms (D:6)
  3 bullfrogs
  3 scorpions
  13 wights
  4 killer bees (D:8)
  2 howler monkeys
  4 jellies
  5 orc priests
  3 hounds (D:5)
  2 gnoll boudas
  2 iguanas
  7 orc wizards
  6 adders
  15 gnolls
  2 ufetubi (D:4)
  5 worms (D:2)
  3 dart slugs
  34 orcs
  An endoplasm (D:1)
  A giant cockroach (D:2)
  10 goblins
  5 hobgoblins
  11 jackals
  6 kobolds
  4 ball pythons
  2 bats (D:1)
  4 frilled lizards
  2 rats (D:1)
173 creatures vanquished.

Vanquished Creatures (others)
  An orc (D:8)
1 creature vanquished.

Grand Total: 174 creatures vanquished

Notes
Turn   | Place    | Note
-------+----------+-------------------------------------------
     0 | D:1      | 2FriedEggs the Ogre Shapeshifter began the quest for the
                  | Orb.
     0 | D:1      | Reached XP level 1. HP: 22/22 MP: 1/1
   152 | D:1      | You fall into a shaft and drop 1 floor!
   263 | D:2      | Reached skill level 3 in Fighting
   263 | D:2      | Reached XP level 2. HP: 19/31 MP: 2/2
   431 | D:1      | Found Mafuam's Jewellery Boutique.
   720 | D:1      | Reached XP level 3. HP: 33/37 MP: 3/3
  1506 | D:2      | Reached XP level 4. HP: 30/48 MP: 4/4
  1646 | D:3      | Found a transporter.
  1682 | D:3      | Reached skill level 4 in Fighting
  1892 | D:3      | Found Jamiopn's Jewellery Shoppe.
  1977 | D:3      | Reached XP level 5. HP: 50/55 MP: 5/5
  2170 | D:3      | Found a transporter.
  2228 | D:3      | Found a shadowy altar of Dithmenos.
  2353 | D:3      | Found a faded altar of an unknown god.
  2361 | D:3      | Found a shimmering altar of Xom.
  2791 | D:4      | Noticed a lemure
  2791 | D:4      | Noticed a lemure
  2791 | D:4      | Noticed a lemure
  2791 | D:4      | Noticed Pikel
  2887 | D:4      | Reached skill level 5 in Fighting
  2906 | D:4      | Noticed a sky beast
  2956 | D:4      | Killed a sky beast
  2957 | D:4      | Reached skill level 5 in Shapeshifting
  2957 | D:4      | Reached XP level 6. HP: 51/66 MP: 6/6
  3920 | D:5      | Entered Level 5 of the Dungeon
  4150 | D:5      | Reached XP level 7. HP: 60/74 MP: 7/7
  4302 | D:5      | Reached skill level 6 in Fighting
  4649 | D:5      | Got the Elucidation of Obstruction and Teratogeny
  4869 | D:5      | Found a staircase to the Ecumenical Temple.
  4879 | Temple   | Entered the Ecumenical Temple
  5025 | Temple   | Became a worshipper of Ru the Awakened
  5121 | D:6      | Reached skill level 7 in Fighting
  5121 | D:6      | Reached XP level 8. HP: 65/87 MP: 8/8
  6008 | D:6      | Reached skill level 8 in Fighting
  6366 | D:6      | Gained mutation: You are hated by all. [Ru sacrifice]
  6366 | D:6      | Reached * piety under Ru
  6366 | D:6      | Reached ** piety under Ru
  6978 | D:7      | Reached XP level 9. HP: 94/97 MP: 9/9
  7022 | D:7      | Reached skill level 9 in Fighting
  7701 | D:8      | HP: 4/100 [something (9)]
  8284 | D:8      | Reached skill level 10 in Fighting
  9375 | D:7      | Reached XP level 10. HP: 77/109 MP: 10/10
  9527 | D:7      | Reached skill level 10 in Shapeshifting
  9649 | D:8      | Reached skill level 11 in Fighting
  9659 | D:8      | HP: 4/113 [killer bee (4)]
  9661 | D:8      | HP: 1/113 [poisoned by a killer bee]
  9661 | D:8      | Mangled by a killer bee

Illustrated notes

Levels and vault maps discovered:
D:1:      minmay_arrival_split_and_join, layout_basic, serial_shops,
          nicolae_shop_behind_doors, kennysheep_decorative_pillar
D:2:      layout_loops_ring, hex_tiny, chequers_decorated_corner,
          minmay_tiny_reverse_x
D:3:      gammafunk_wand_slinger, layout_basic,
          nicolae_overflow_ecumenical_swirl, mainiacjoe_overflow_paths,
          serial_shops, nicolae_shop_back_alley_shop
D:4:      layout_loops_ring, uniq_pikel
D:5:      layout_loops_corners, minmay_temple_entry_hall
D:6:      layout_basic
D:7:      layout_basic
D:8:      layout_loops_cross, nicolae_vehumet_radiance,
          chequers_serial_rivers_small_3, grunt_ministairs_7
Temple:   eino_narrow_crystal_temple

Skill      XL: |  1  2  3  4  5  6  7  8  9 10 |
---------------+-------------------------------+-----
Fighting       | 3 4 5 7 8 10 11 | 11.0
Shapeshifting  | 4 5 6 8 9 10 | 10.0
Unarmed Combat | 2 |  2.9
Dodging        | |  1.7

Action                     |  1- 3 |  4- 6 |  7- 9 | 10-12 || total
---------------------------+-------+-------+-------+-------++-------
  Melee: Unarmed           |   130 |   165 |   415 |    55 ||   765
         Punch             |     3 |     5 |     6 |     2 ||    16
  Throw: Javelin           |       |     5 |       |       ||     5
 Invoke: Sacrifice Love    |       |       |     1 |       ||     1
  Evoke: Wand              |       |       |     4 |       ||     4
    Use: Potion            |       |     5 |     1 |     3 ||     9
         Scroll            |       |     7 |     3 |       ||    10
   Stab: Distracted        |       |       |     1 |     1 ||     2
 Armour: Animal skin       |    44 |    57 |   143 |    20 ||   264
         Skin              |       |    18 |       |       ||    18
  Dodge: Dodged            |    69 |    60 |   148 |    26 ||   303
  Block: Other             |       |       |    69 |    18 ||    87
         Reflection        |       |       |     3 |       ||     3

Table legend: (Time is in decaauts)
 A = Elapsed time spent in this place.
 B = Non-inter-level travel time spent in this place.
 C = Inter-level travel time spent in this place.
 D = Time resting spent in this place.
 E = Time spent auto-exploring this place.
 F = Levels seen in this place.
 G = Mean time per level.
                   A        B        C        D        E       F      G
               +--------+--------+--------+--------+--------+-----+--------+
         Total |   9610 |   9105 |    505 |   2168 |   5041 |   9 | 1067.8 |
       Dungeon |   9529 |   9040 |    489 |   2168 |   5041 |   8 | 1191.1 |
        Temple |     80 |     65 |     15 |      0 |      0 |   1 |   80.0 |
               +--------+--------+--------+--------+--------+-----+--------+

Top non-repeatable levels by time:
     D:7: 2337 daAuts
     D:6: 1563 daAuts
     D:3: 1175 daAuts
     D:4: 1104 daAuts
     D:5: 1055 daAuts
     D:2: 886 daAuts
     D:1: 729 daAuts
     D:8: 678 daAuts
  Temple: 80 daAuts
